Map: Blackpink EC

Players

llllllllllll - Winner!

  • Race: Zerg Zerg
  • League: Grandmaster
  • Spawn Location: 7:00

JohnType

  • Race: Terran Terran
  • League: Master
  • Spawn Location: 1:00

VOD

Have the link to the VOD?

Description

Time

  • Played on: May 3, 2018, 10:34 a.m.
  • Length: 17:07
Show
View Real Time Build Order
Export as new Build Order

llllllllllll Zerg - Winner!

Build Orders: Hatch First 

Get SALT Encoding   

  12  0:02  Drone  
  13  0:12  Overlord  
  13  0:18  Drone  
  14  0:31  Drone x2  
  16  0:36  Drone  
  17  0:53  Hatchery  
  16  1:01  Drone  
  16  1:03  Drone  
  18  1:08  Drone  
  19  1:15  Extractor  
  19  1:18  Drone, Spawning Pool  
  18  1:28  Drone  
  19  1:39  Drone  
  20  1:53  Drone  
  21  2:05  Queen x2  
  21  2:06  Roach Warren  
  21  2:07  Zergling x4  
  26  2:11  Overlord  
  26  2:19  Drone  
  27  2:22  Overlord  
  28  2:30  Drone  
  28  2:38  Drone  
  28  2:39  Drone  
  30  2:49  Roach x2  
  34  2:58  Roach  
  36  3:06  Roach x2  
  36  3:07  Hatchery  
  39  3:26  Ravager  
  39  3:27  Ravager  
  39  3:31  Drone x5  
  39  3:33  Overlord  
  44  3:34  Overlord  
  44  3:52  Drone x4  
  48  3:58  Ravager  
  48  4:02  Drone x2  
  51  4:12  Drone x2  
  51  4:15  Extractor  
  51  4:16  Extractor  
  51  4:19  Ravager  
  52  4:30  Drone  
  52  4:31  Drone x4  
  57  4:38  Queen  
  59  4:52  Overlord x3  
  59  4:55  Drone x5  
  59  4:56  Hatchery  
  63  5:00  Lair  
  63  5:01  Ravager  
  63  5:03  Queen  
  66  5:12  Drone x3  
  66  5:13  Drone  
  66  5:14  Drone x2  
  71  5:16  Drone  
  71  5:19  Evolution Chamber  
  71  5:20  Drone  
  74  5:21  Drone  
  74  5:22  Evolution Chamber  
  74  5:23  Baneling Nest  
  72  5:30  Roach x3  
  72  5:31  Roach  
  80  5:42  Overlord x3  
  80  5:45  Zergling x4  
  59  6:14  Queen  
  59  6:17  Zerg Melee Weapons Level 1  
  59  6:18  Centrifical Hooks, Zerg Missile Weapons Level 1  
  59  6:19  Glial Reconstitution  
  59  6:21  Drone  
  59  6:22  Queen  
  62  6:26  Roach x5  
  62  6:28  Zergling x18  
  81  6:34  Zergling x2  
  81  6:35  Zergling x8  
  81  6:39  Drone  
  87  6:56  Drone  
  88  7:13  Metabolic Boost  
  88  7:14  Roach  
  88  7:15  Roach x9  
  108  7:34  Overlord x5  
  108  7:35  Overlord x2  
  108  7:39  Baneling  
  108  7:40  Baneling x9  
  108  7:45  Overlord x2  
  108  7:51  Overlord x3  
  108  8:12  Roach  
  79  8:46  Zerg Melee Weapons Level 2  
  79  8:47  Zerg Missile Weapons Level 2  
  79  8:48  Zergling x16  
  80  8:49  Zergling x38  
  106  9:05  Hatchery  
  105  9:12  Zergling x18  
  105  9:14  Baneling  
  105  9:15  Baneling x17  
  114  9:20  Roach  
  114  9:21  Zergling x2, Roach  
  114  9:22  Zergling x16  
  126  10:02  Drone  
  126  10:06  Roach x2  
  126  10:07  Roach x13  
  153  10:08  Zergling x2, Hatchery  
  153  10:09  Zergling x4  
  159  10:18  Baneling  
  159  10:19  Baneling x3  
  159  10:20  Zergling x2  
  159  10:21  Zergling x22  
  170  10:33  Roach x4  
  178  10:35  Zergling x2  
  178  10:36  Zergling x2  
  178  10:53  Zergling x16  
  178  10:54  Zergling x8  
  122  11:11  Roach  
  122  11:12  Roach x11  
  141  11:32  Drone x6  
  147  11:33  Drone  
  140  11:55  Zergling x6  
  140  11:58  Zergling x2  
  140  11:59  Zergling x18  
  149  12:03  Drone  
  151  12:08  Drone  
  151  12:10  Drone  
  152  12:17  Overlord  
  152  12:23  Baneling x13  
  152  12:24  Baneling x11, Hatchery  
  152  12:25  Zergling x2  
  152  12:37  Zergling x2  
  152  12:38  Zergling x16  
  152  12:39  Zergling x2  
  152  12:41  Baneling x4  
  162  12:53  Baneling  
  162  12:54  Baneling, Roach  
  162  12:55  Roach x3  
  147  13:17  Zergling x18  
  147  13:18  Zergling x22  
  166  13:50  Baneling  
  166  13:51  Baneling x18  
  166  13:53  Zergling x14  
  166  13:54  Zergling x24  
  181  14:19  Zergling x24  
  181  14:20  Zergling x8  
  181  14:22  Drone  
  181  14:23  Drone  
  198  14:38  Zergling x2  
  199  14:40  Baneling  
  199  14:41  Baneling x15  
  125  15:15  Roach x6  
  125  15:16  Roach x4  
  129  15:43  Drone x3  
  130  15:50  Zergling x2  
  130  15:51  Zergling x38  
  146  16:15  Queen  
  146  16:16  Queen  
  150  16:19  Baneling x3  
  150  16:32  Baneling x3  
  144  16:33  Baneling x12  
  144  16:34  Zergling x10  
  144  16:35  Zergling x18  
Show
View Real Time Build Order
Export as new Build Order

JohnType Terran 

Build Orders: Reaper Expand, MMM Bio 

Get SALT Encoding   

  12  0:00  SCV  
  13  0:13  SCV  
  14  0:17  Supply Depot  
  14  0:25  SCV  
  15  0:39  SCV  
  15  0:41  Barracks  
  16  0:44  Refinery  
  16  0:51  SCV  
  17  1:03  SCV  
  18  1:15  SCV  
  19  1:28  Reaper, Orbital Command  
  20  1:39  Command Center  
  20  1:49  Supply Depot  
  20  1:54  SCV  
  21  2:04  Factory  
  21  2:06  Marine, SCV  
  23  2:18  SCV  
  24  2:24  Barracks Reactor  
  24  2:30  SCV  
  25  2:43  Command Center  
  25  2:45  SCV  
  25  2:49  Hellion  
  28  2:54  Orbital Command  
  28  2:57  SCV  
  29  3:02  Marine x2  
  30  3:06  Refinery  
  30  3:13  Bunker  
  30  3:19  Cyclone  
  33  3:20  SCV  
  33  3:25  Marine  
  33  3:26  Marine  
  35  3:27  SCV  
  35  3:32  SCV  
  37  3:39  SCV  
  38  3:43  Marine  
  38  3:45  SCV  
  38  3:47  Marine  
  41  3:51  SCV, Cyclone  
  45  3:57  SCV  
  45  4:01  Marine  
  48  4:05  Marine  
  48  4:14  SCV  
  49  4:18  Barracks  
  49  4:19  Marine  
  49  4:21  Barracks  
  49  4:23  Marine, Cyclone  
  54  4:26  SCV  
  54  4:30  SCV  
  57  4:36  Supply Depot  
  57  4:37  Supply Depot  
  57  4:40  SCV  
  57  4:41  Orbital Command  
  57  4:44  Marine  
  57  4:45  Marine  
  59  5:01  Factory Tech Lab  
  59  5:02  Marine  
  59  5:03  Marine  
  59  5:05  SCV  
  62  5:14  Engineering Bay x2  
  62  5:18  SCV  
  62  5:19  SCV  
  62  5:20  Supply Depot, Marine  
  65  5:22  Barracks Reactor  
  65  5:26  Starport, SCV  
  66  5:34  Barracks  
  66  5:35  SCV, Barracks  
  65  5:36  Marine x2  
  65  5:38  Stimpack  
  65  5:40  SCV  
  65  5:42  Refinery  
  68  5:54  Marine  
  65  5:58  SCV x3  
  65  6:03  Marine  
  63  6:08  Terran Infantry Weapons Level 1  
  63  6:09  Terran Infantry Armor Level 1  
  63  6:10  SCV x3, Refinery  
  52  6:20  Factory Reactor  
  52  6:22  SCV x2  
  52  6:23  Barracks Reactor  
  52  6:24  Viking, Orbital Command  
  57  6:27  Marine x2  
  59  6:34  Supply Depot, SCV x2  
  59  6:37  Barracks Reactor  
  60  6:46  SCV x2  
  62  6:50  Marine x2  
  62  6:51  Marine x3  
  62  6:52  SCV  
  68  6:58  SCV x2  
  68  7:01  Marine x2  
  72  7:04  SCV  
  72  7:08  Marine x2  
  74  7:09  Marine x2  
  74  7:10  SCV x2  
  74  7:11  Factory Tech Lab  
  74  7:13  Marine x3  
  82  7:17  Armory, SCV  
  82  7:18  Marine  
  82  7:19  Marine, Refinery  
  82  7:20  Refinery  
  85  7:24  Supply Depot x2  
  85  7:25  SCV x2  
  85  7:26  Supply Depot, Marine x4  
  91  7:31  Supply Depot  
  91  7:36  Marine x2  
  93  7:38  Combat Shields  
  93  7:42  Marine x3  
  93  7:43  Marine, SCV  
  93  7:44  Marine x2, SCV  
  98  7:48  Marine  
  98  7:51  Supply Depot  
  102  7:54  Supply Depot, Marine  
  102  7:55  Marine  
  102  7:56  Medivac  
  102  7:57  Medivac  
  102  7:58  Siege Tank  
  111  8:00  Supply Depot, Marine x3  
  111  8:02  Marine x3  
  117  8:09  Marine  
  117  8:12  Marine  
  116  8:13  Marine  
  116  8:18  Marine x3  
  116  8:20  Marine  
  116  8:21  Marine  
  105  8:27  Marine  
  105  8:28  Marine  
  105  8:30  Marine  
  105  8:31  Marine  
  94  8:36  Marine x3  
  94  8:38  Marine  
  94  8:39  Marine  
  95  8:42  Siege Tank  
  95  8:43  Medivac  
  95  8:45  Terran Infantry Weapons Level 2, Terran Infantry Armor Level 2, Marine  
  95  8:46  Marine  
  95  8:48  Marine  
  103  8:51  Marine  
  103  8:54  Marine x2  
  106  8:55  Command Center  
  106  8:57  Marine x3  
  106  8:59  Factory  
  106  9:00  Factory  
  109  9:04  Marine x2  
  109  9:05  Marine, Medivac  
  109  9:07  Concussive Shells  
  109  9:09  Marine  
  115  9:10  SCV  
  115  9:13  Marine x2, Medivac  
  120  9:21  Marine  
  120  9:22  Marine x3  
  124  9:24  Marine  
  124  9:29  Marine  
  124  9:30  Supply Depot, SCV x3, Siege Tank  
  132  9:41  Supply Depot x2  
  132  9:43  Supply Depot  
  132  9:51  Medivac  
  133  9:54  Marine x6  
  133  9:55  Factory Tech Lab x2  
  133  9:56  Marine x2  
  141  10:03  Marine  
  142  10:09  Supply Depot  
  142  10:10  Supply Depot  
  142  10:12  Marine x6  
  142  10:13  Supply Depot  
  148  10:16  Marine x2  
  148  10:17  Siege Tank x3  
  161  10:21  Marauder  
  161  10:29  Marine x2  
  161  10:30  Marine x3  
  161  10:31  Medivac x2  
  161  10:32  Marine  
  161  10:34  Marine  
  172  10:38  Marine  
  172  10:41  Terran Vehicle Weapons Level 1  
  172  10:42  Marine  
  174  10:47  Marine x2  
  176  10:52  Marine  
  176  10:53  Marine  
  176  10:57  Marine x3  
  148  10:58  Siege Tank  
  148  11:00  Marauder, Marine  
  148  11:03  Liberator  
  146  11:05  Marine  
  146  11:06  Marine  
  146  11:10  Marine  
  146  11:11  Marine  
  120  11:14  Marine  
  120  11:15  Marine x2  
  107  11:18  Marine  
  107  11:22  Marauder  
  106  11:31  Marine x2  
  106  11:32  Siege Tank  
  99  11:34  Orbital Command  
  88  11:43  Marauder  
  88  11:46  Marine x2  
  92  11:54  Marine x2  
  85  12:01  SCV x3  
  85  12:04  Marauder, Siege Tank  
  92  12:11  Marine x2  
  92  12:13  SCV x2  
  96  12:22  Marine x6  
  102  12:32  Factory Tech Lab  
  102  12:36  Command Center  
  102  12:41  Marine x4  
  102  12:42  Marauder  
  102  12:43  Siege Tank  
  111  12:49  Marine x3  
  114  12:52  Marine  
  114  12:55  SCV x2  
  118  12:59  Marine  
  118  13:03  Marauder  
  87  13:15  Siege Tank  
  90  13:24  Marauder, Marine  
  93  13:30  Command Center  
  93  13:35  Marine x2  
  95  13:46  Marauder  
  97  13:51  SCV  
  97  13:53  Command Center  
  98  14:01  Marine x3  
  99  14:20  Marine x3  
  99  14:21  Marauder  
  97  14:24  SCV  
  97  14:26  SCV  
  99  14:35  Marine x5  
  104  14:40  Siege Tank  
  107  14:46  Orbital Command  
  107  14:51  Marine x2  
  98  15:03  Marine x3  
  98  15:04  Marine x2  
  98  15:05  Marine x2  
  84  15:09  Marine x2  
  73  15:19  Siege Tank  
  62  15:21  Marine  
  62  15:23  Marauder  
  50  15:44  Marauder  
  47  16:06  Marauder  
  47  16:13  Orbital Command  
  47  16:42  Marine  
  48  16:48  SCV  
Tags
 
Add a new tag
Caveats
  • Supply blocks, unpowered buildings, or Contaminate may cause inaccurate times.
  • Supply counts are checked every 10 seconds.